 Dungeon Crawl Stone Soup version 0.29.1-1-gd02db6906a (webtiles) character file.

Game seed: 15530524540323565099

187 Earthwalker the Covered (level 5, -1/47 HPs)
             Began as a Minotaur Fighter on Oct 9, 2022.
             Slain by a gnoll
             ... wielding a +0 halberd
              (6 damage)
             ... on level 5 of the Dungeon.
             The game lasted 00:07:12 (2136 turns).

Earthwalker the Covered (Minotaur Fighter)          Turns: 2136, Time: 00:07:13

Health: -1/47      AC:  8    Str: 20    XL:     5   Next: 39%
Magic:  4/4        EV:  9    Int:  5    God:
Gold:   64         SH:  5    Dex: 12    Spells: 4/4 levels left

rFire   . . .      SeeInvis .   i - +0 spear
rCold   . . .      Faith    .   c - +0 buckler
rNeg    . . .      Spirit   .   b - +0 scale mail
rPois   .          Reflect  .   (helmet restricted)
rElec   .          Harm     .   j - +0 cloak
rCorr   .          Rampage  .   (no gloves)
Will    .....                   (no boots)
Stlth   ..........              (no amulet)
HPRegen 0.15/turn               (no ring)
MPRegen 0.09/turn               (no ring)

@: no status effects
A: horns 2, retaliatory headbutt
a: no special abilities


You were on level 5 of the Dungeon.
You visited 1 branch of the dungeon, and saw 5 of its levels.

You collected 64 gold pieces.

Inventory:

Hand Weapons
 a - a +0 trident
 i - a +0 spear (weapon)
Missiles
 e - 5 curare-tipped darts (quivered)
Armour
 b - a +0 scale mail (worn)
 c - a +0 buckler (worn)
 j - a +0 cloak (worn)
Jewellery
 l - a ring of protection from cold
Scrolls
 f - a scroll of teleportation
 k - 3 scrolls of torment {unknown}
Potions
 d - a potion of might
 g - a potion of flight {unknown}
 h - a potion of curing {unknown}
 m - a potion of mutation
 n - a potion of brilliance {unknown}


   Skills:
 * Level 4.5 Fighting
 * Level 3.8 Polearms
 * Level 4.9 Armour
 * Level 1.5 Dodging
 * Level 1.2 Stealth
 * Level 4.2 Shields


You had 4 spell levels left.
You didn't know any spells.
Your spell library contained the following spells:

 Spells                   Type           Power      Damage    Failure   Level
 Magic Dart               Conj           0%         1d3       88%         1
 Call Imp                 Summ           0%         N/A       96%         2
 Mephitic Cloud           Conj/Pois/Air  0%         N/A       99%         3


Dungeon Overview and Level Annotations

Branches:
Dungeon (5/15)
 Temple: D:4-7

Altars:
Dithmenos
Qazlal
Yredelemnul

Shops:
D:2 *


Innate Abilities, Weirdness & Mutations

You have a pair of horns on your head.
You reflexively headbutt those who attack you in melee.


Message History

The gnoll hits you but does no damage. x2
You hit the gnoll.
The gnoll is almost dead.
The gnoll hits you from afar with a +0 spear.
The gnoll hits you with a +0 spear.
You barely miss the gnoll.
The gnoll is almost dead.
The gnoll barely misses you. The gnoll hits you with a +0 spear.
You hit the gnoll.
The gnoll is almost dead.
The gnoll hits you but does no damage. The gnoll hits you with a +0 spear.
The gnoll attacks as you move away! The gnoll closely misses you.
The gnoll barely misses you. The gnoll hits you but does no damage.
The gnoll barely misses you.
The gnoll hits you from afar with a +0 spear.
The gnoll hits you but does no damage.
Reach: i) +0 spear
Press: ? - help, Dir - move target, f - gnoll
Aim: a gnoll, wielding a +0 spear (almost dead, about 34% to evade your +0 spear)
You reach to attack!
You hit the gnoll.
You kill the gnoll!
The gnoll hits you from afar with a +0 spear.
The gnoll misses you. The gnoll hits you but does no damage.
You hit the gnoll. Your headbutt misses the gnoll.
The gnoll is moderately wounded.
The gnoll misses you.
You hit the gnoll.
The gnoll is heavily wounded.
The gnoll hits you with a +0 spear. The gnoll barely misses you.
You hit the gnoll but do no damage.
The gnoll is heavily wounded.
You closely miss the gnoll. You headbutt the gnoll.
You kill the gnoll!
The gnoll hits you but does no damage. The gnoll hits you with a +0 halberd!
* * * LOW HITPOINT WARNING * * *
You hit the gnoll.
The gnoll is heavily wounded.
The gnoll hits you with a +0 halberd.
You die...

##..
##....#...............#.
#.....####.##...#.......
##....####.##)..#.......
####))##...#..g......#
#......##...#.......#
#.......##..##......#
#.......##...#......#
##....))......###....#
#......@g.##.## #...#
#..##.........# #.##
##........##..# ##
#..........###
#............#
#.(..........#
#...###.>...##
#####........#
#....#.###


You could see a gnoll.

Vanquished Creatures
  A hound (D:5)
  An orc priest (D:5)
  An iguana (D:5)
  3 gnolls (D:5)
  3 dart slugs
  3 orcs (D:5)
  6 ball pythons
  4 bats
  5 endoplasms
  2 giant cockroaches
  6 goblins
  4 hobgoblins
  12 jackals
  A quokka (D:1)
  A frilled lizard (D:1)
  5 kobolds
  5 rats
63 creatures vanquished.

Notes
Turn   | Place    | Note
-------+----------+-------------------------------------------
     0 | D:1      | Earthwalker the Minotaur Fighter began the quest for the
                  | Orb.
     0 | D:1      | Reached XP level 1. HP: 19/19 MP: 0/0
    37 | D:1      | Reached XP level 2. HP: 22/27 MP: 1/1
   469 | D:1      | Reached XP level 3. HP: 25/33 MP: 2/2
  1094 | D:3      | Found a stormy altar of Qazlal.
  1094 | D:3      | Found a basalt altar of Yredelemnul.
  1094 | D:3      | Found a shadowy altar of Dithmenos.
  1310 | D:2      | Found Eqone's Assorted Antiques.
  1776 | D:4      | Reached skill level 1 in Dodging
  1784 | D:5      | Entered Level 5 of the Dungeon
  1791 | D:5      | Reached XP level 4. HP: 29/41 MP: 3/3
  1804 | D:5      | Reached skill level 1 in Stealth
  2041 | D:5      | Reached XP level 5. HP: 44/47 MP: 4/4
  2136 | D:5      | Slain by a gnoll

Illustrated notes

Levels and vault maps discovered:
D:1:      shiori_shiawase, layout_rooms
D:2:      layout_loops_corners, serial_shops, nicolae_shop_trees,
          kennysheep_flooded_box, hex_large
D:3:      layout_loops_ring, chequers_temple_overflow_statue_of_worship,
          shapermc_ecumenical_altar_pompeii
D:4:      layout_gridville, serial_shops, nicolae_stop_n_shop_2
D:5:      layout_cave_pools, gup_sewer_entry_glass, nicolae_ossuary_entry_plus,
          corexii_hall_statues_deadend

Skill      XL: |  1  2  3  4 |
---------------+-------------+-----
Fighting       | 4 |  4.5
Armour         | 4 |  4.9
Shields        | 4 |  4.2
Polearms       | 3 |  3.8
Dodging        | 1 |  1.5
Stealth        | 1 |  1.2

Action                   |  1- 3 |  4- 6 || total
-------------------------+-------+-------++-------
Melee: Trident           |    31 |       ||    31
       Headbutt          |    16 |     3 ||    19
       Spear             |    95 |    48 ||   143
  Use: Scroll            |     3 |       ||     3
Armor: Scale mail        |    39 |    16 ||    55
Dodge: Dodged            |    53 |    24 ||    77
Block: Buckler           |    20 |     4 ||    24
